 Dungeon Crawl Stone Soup version 0.28.0-43-g3370ac3207 (webtiles) character file.

Game seed: 7002176151563121503

4 Icepheonix32 the Sneak (level 1, -1/9 HPs)
             Began as a Spriggan Enchanter on Mar 23, 2022.
             Killed from afar by a dart slug (4 damage)
             ... with a slug dart
             ... on level 1 of the Dungeon.
             The game lasted 00:00:53 (315 turns).

Icepheonix32 the Sneak (Spriggan Enchanter)          Turns: 315, Time: 00:00:53

Health: -1/9       AC:  2    Str:  4    XL:     1   Next: 50%
Magic:  5/5        EV: 17    Int: 16    God:
Gold:   22         SH:  0    Dex: 15    Spells: 5/5 levels left

rFire   . . .      SeeInvis +   a - +1 dagger
rCold   . . .      Faith    .   (no shield)
rNeg    . . .      Spirit   .   b - +0 robe
rPois   .          Reflect  .   (helmet restricted)
rElec   .          Harm     .   (no cloak)
rCorr   .          Rampage  .   (gloves unavailable)
Will    .....                   (boots unavailable)
Stlth   +++.......              (no amulet)
HPRegen 0.03/turn               (no ring)
MPRegen 0.09/turn               (no ring)

@: very quick
A: very small, no large weapons, unfitting armour, see invisible, speed 3
a: no special abilities


You were on level 1 of the Dungeon.
You visited 1 branch of the dungeon, and saw 1 of its levels.

You collected 22 gold pieces.

Inventory:

Hand Weapons
 a - a +1 dagger (weapon)
Armour
 b - a +0 robe (worn)
Jewellery
 d - a +4 ring of evasion
Scrolls
 e - a scroll of teleportation {unknown}
Potions
 c - a potion of invisibility


   Skills:
 - Level 1.1 Short Blades
 - Level 2.6 Dodging
 * Level 4.7 Stealth
 - Level 2.6 Spellcasting
 + Level 3.7 Hexes


You had 5 spell levels left.
You didn't know any spells.
Your spell library contained the following spells:

 Spells                   Type           Power      Damage    Failure   Level
 Confusing Touch          Hex            14%        N/A       12%         3
 Tukima's Dance           Hex            14%        N/A       12%         3
 Ensorcelled Hibernation  Hex/Ice        16%        N/A       14%         2
 Dazzling Flash           Conj/Hex       16%        N/A       26%         3


Dungeon Overview and Level Annotations

Branches:
Dungeon (1/15)

Altars:


Innate Abilities, Weirdness & Mutations

You are very small and have problems with some larger weapons.
You are too small for most types of armour.
You have supernaturally acute eyesight. (SInv)
You cover ground extremely quickly. (Speed+++)


Message History

You barely miss the kobold. The kobold misses you.
You hit the kobold but do no damage. The kobold hits you but does no damage.
You hit the kobold but do no damage. The endoplasm closely misses you.
The kobold barely misses you. The kobold misses you.
The kobold throws a stone.
The stone hits you but does no damage.
Okay, then.
A ball python comes into view.
Found a robe.
A bat and a rat come into view.
The ball python hisses angrily.
The bat closely misses you. The bat barely misses you.
Found a scroll labelled RIUPNA AHENKIS.
The bat misses you.
A bat comes into view.
The bat misses you.
You see here a scroll labelled RIUPNA AHENKIS.
You closely miss the bat. The bat misses you. The bat closely misses you.
You hit the bat.
The bat is heavily wounded.
The bat misses you. The bat completely misses you.
You see here a scroll labelled RIUPNA AHENKIS.
e - a scroll labelled RIUPNA AHENKIS The bat closely misses you.
The bat hits you but does no damage. The bat completely misses you.
You closely miss the bat.
The bat is moderately wounded.
The bat completely misses you. The bat hits you but does no damage.
The bat closely misses you. The bat completely misses you.
The bat closely misses you.
A dart slug comes into view.
The bat closely misses you. The bat barely misses you.
You hit the dart slug but do no damage. The bat closely misses you.
The dart slug launches a dart at you. The slug dart hits you.
You die...

##### ##.K.##
##J###.## #####.##
##.# #.bb..# #.#
#.@##.# ##.# #####
#.w....###.J# #....
#.##..#...#S###.###
#. #..#.....K..#.#
#. .....###r###.##
## #..#####.# ###
......[.#
..###.....# #.....#


You could see a dart slug, an endoplasm, 2 bats and a kobold.

Vanquished Creatures
  A bat (D:1)
  A hobgoblin (D:1)
  2 rats (D:1)
4 creatures vanquished.

Notes
Turn   | Place    | Note
-------+----------+-------------------------------------------
     0 | D:1      | Icepheonix32 the Spriggan Enchanter began the quest for the
                  | Orb.
     0 | D:1      | Reached XP level 1. HP: 9/9 MP: 5/5
   315 | D:1      | Killed from afar by a dart slug

Illustrated notes

Levels and vault maps discovered:
D:1:      lightli_molten_gateway, layout_loops_cross

Action                   || total
-------------------------++-------
Melee: Dagger            ||    20
 Stab: Sleeping          ||     2
Armor: Robe              ||     4
Dodge: Dodged            ||    36
